 Dungeon Crawl Stone Soup version 0.25-a0-661-g55ea3d2053 (webtiles) character file.

Game seed: 8669440148778892667, levelgen mode: deterministic

221030 vishdafish the Hand of Fortune (level 19, 0/188 HPs)
             Began as a Naga Fighter on Mar 24, 2020.
             Was the Champion of Nemelex Xobeh.
             Shot with an arrow by a centaur (7 damage)
             ... led by a centaur warrior
             ... on level 1 of the Depths.
             The game lasted 01:14:53 (41991 turns).

vishdafish the Hand of Fortune (Naga Fighter)      Turns: 41991, Time: 01:14:54

Health: 0/188      AC: 34    Str: 33    XL:     19   Next: 19%
Magic:  33/33      EV:  6    Int: 14    God:    Nemelex Xobeh [******]
Gold:   5136       SH: 14    Dex: 10    Spells: 18/18 levels left

rFire    + + .     SeeInvis +   k - +7 double sword of the Gloaming {freeze, *Noise rPois rC+}
rCold    + + +     Gourm    .   R - +0 kite shield {reflect}
rNeg     + . .     Faith    .   Q - +7 fire dragon scales of Hiysoyty {rF++ rC- rN+ Str+7}
rPois    +         Spirit   .   (helmet restricted)
rElec    .         Reflect  +   A - +0 cloak "Akhufon" {rC+ Int+4}
rCorr    .         Harm     .   l - +1 pair of gloves
MR       +++..                  I - +1 naga barding {rC+}
Stlth    ..........             W - amulet of magic regeneration
HPRegen  0.41/turn              x - ring of protection from cold
MPRegen  0.48/turn              q - ring of protection from magic

@: marked, very slow
A: large, horns 1, rugged brown scales 1, see invisible, deformed body, poison
resistance, slowness 2, slow metabolism 1, spit poison 1, constrict 1, AC +6
}: 1/15 runes: serpentine
a: Spit Poison, Draw Escape, Draw Destruction, Draw Summoning, Triple Draw, Deal
Four, Stack Five, Renounce Religion


You were on level 1 of the Depths.
You worshipped Nemelex Xobeh.
Nemelex Xobeh was exalted by your worship.
You were very hungry.

You visited 6 branches of the dungeon, and saw 29 of its levels.
You also visited: Ossuary and Bailey.

You collected 6345 gold pieces.
You spent 1209 gold pieces at shops.

Inventory:

Hand Weapons
 k - the +7 double sword of the Gloaming (weapon) {freeze, *Noise rPois rC+}
   (You acquired it on level 6 of the Lair of Beasts)

   It has been specially enchanted to freeze those struck by it, causing extra
   injury to most foes and up to half again as much damage against particularly
   susceptible opponents.
   It can also slow down cold-blooded creatures.
   It protects you from cold.
   It protects you from poison.
   It may make noises in combat.
 N - a +3 scimitar of flaming
Armour
 d - a +2 helmet
 l - a +1 pair of gloves (worn)
 A - the +0 cloak "Akhufon" (worn) {rC+ Int+4}
   (You bought it in a shop on level 2 of the Orcish Mines)

   It affects your intelligence (+4).
   It protects you from cold.
 I - a +1 naga barding of cold resistance (worn)
 Q - the +7 fire dragon scales of Hiysoyty (worn) {rF++ rC- rN+ Str+7}
   (You took it off an orc warrior in a bailey)

   It affects your strength (+7).
   It greatly protects you from fire.
   It makes you vulnerable to cold.
   It protects you from negative energy.
 R - a +0 kite shield of reflection (worn)
Jewellery
 a - an uncursed ring of protection from fire
 q - a ring of protection from magic (right hand)
 x - a ring of protection from cold (left hand)
 U - an uncursed ring of ice
 W - an amulet of magic regeneration (around neck)
Wands
 y - a wand of clouds (3)
 F - a wand of polymorph (14)
 L - a wand of paralysis (21)
 M - a wand of digging (7)
 P - a wand of flame (15)
 Y - a wand of iceblast (7)
Scrolls
 b - 4 scrolls of vulnerability
 c - 8 scrolls of immolation
 g - 17 scrolls of remove curse
 h - 14 scrolls of teleportation
 i - 4 scrolls of blinking
 m - 4 scrolls of fog
 r - 2 scrolls of magic mapping
 t - a scroll of silence
 v - 9 scrolls of fear
 D - 2 scrolls of summoning
 E - 2 scrolls of enchant armour
 G - 3 scrolls of enchant weapon
 J - 5 scrolls of amnesia
 K - a scroll of holy word
 T - a scroll of torment
 Z - 9 scrolls of identify
Potions
 e - 8 potions of haste
 j - 2 potions of stabbing
 n - 2 potions of curing
 o - 6 potions of resistance
 p - 8 potions of brilliance
 s - 4 potions of heal wounds
 u - 3 potions of berserk rage
 w - 5 potions of lignification
 z - 3 potions of invisibility
 B - 6 potions of flight
 C - 7 potions of magic
 H - 4 potions of might
Comestibles
 f - 29 rations


   Skills:
 + Level 14.3 Fighting
 + Level 14.1 Long Blades
 + Level 12.3 Armour
 + Level 12.3 Shields
 * Level 21.5 Invocations


You had 18 spell levels left.
You didn't know any spells.
Your spell library contained the following spells:

 Spells                   Type           Power        Failure   Level  Hunger
 Animate Skeleton         Necr           N/A          47%         1    ##.....
 Apportation              Tloc           #.....       47%         1    ##.....
 Corona                   Hex            #......      47%         1    ##.....
 Magic Dart               Conj           #...         47%         1    ##.....
 Summon Butterflies       Summ           #.......     47%         1    ##.....
 Summon Small Mammal      Summ           #...         47%         1    ##.....
 Blink                    Tloc           N/A          63%         2    ###....
 Call Imp                 Summ           #.......     63%         2    ###....
 Ensorcelled Hibernation  Hex/Ice        #.....       63%         2    ###....
 Searing Ray              Conj           #.....       63%         2    ###....
 Shroud of Golubria       Chrm/Tloc      #.....       63%         2    ###....
 Slow                     Hex            #.......     63%         2    ###....
 Call Canine Familiar     Summ           #.......     85%         3    ####...
 Confusing Touch          Hex            #.......     85%         3    ####...
 Conjure Flame            Conj/Fire      #.......     85%         3    ####...
 Dazzling Flash           Conj/Hex       #.....       85%         3    ####...
 Gell's Gravitas          Tloc           #.........   85%         3    ####...
 Inner Flame              Hex/Fire       #.......     85%         3    ####...
 Lesser Beckoning         Tloc           #.........   85%         3    ####...
 Mephitic Cloud           Conj/Pois/Air  #.......     85%         3    ####...
 Portal Projectile        Hex/Tloc       #.....       85%         3    ####...
 Teleport Other           Tloc           #.......     85%         3    ####...
 Tukima's Dance           Hex            #.......     85%         3    ####...
 Cause Fear               Hex            #.........   99%         4    #####..
 Fulminant Prism          Conj/Hex       #.........   99%         4    #####..
 Iskenderun's Mystic Bla  Conj/Tloc      #.......     99%         4    #####..
 Leda's Liquefaction      Hex/Erth       #.........   99%         4    #####..
 Passage of Golubria      Tloc           N/A          99%         4    #####..
 Summon Ice Beast         Ice/Summ       #.......     99%         4    #####..
 Alistair's Intoxication  Tmut/Pois      #.......     100%        5    ######.
 Summon Mana Viper        Hex/Summ       #.......     100%        5    ######.
 Invisibility             Hex            #.......     100%        6    #######
 Summon Hydra             Summ           #.........   100%        7    #######


Dungeon Overview and Level Annotations

Branches:
Dungeon (15/15)            Temple (1/1) D:4            Lair (6/6) D:10
  Swamp (0/4) Lair:4        Snake (4/4) Lair:4        Slime (0/5) Lair:6
    Orc (2/2) D:11            Elf (0/3) Orc:2        Vaults (0/5) D:14
 Depths (1/5) D:15        Ossuary (visited)          Bailey (visited)

Altars:
Ashenzari
Cheibriados
Dithmenos
Elyvilon
Fedhas
Gozag
Hepliaklqana
Kikubaaqudgha
Makhleb
Nemelex Xobeh
Okawaru
Qazlal
Ru
Sif Muna
Trog
Uskayaw
Vehumet
Wu Jian
Xom
Yredelemnul
Zin
The Shining One
Jiyva

Shops:
D:10 :   D:11 :   Orc:2 *:![


Innate Abilities, Weirdness & Mutations

You cannot wear boots.
Your serpentine skin is tough. (AC +6)
You have supernaturally acute eyesight. (SInv)
Armour fits poorly on your strangely shaped body.
Your system is resistant to poisons. (rPois)
You cover ground very slowly.
You have a slow metabolism.
You can spit poison.
You can use your snake-like lower body to constrict enemies.
You have a pair of small horns on your head.
You are partially covered in rugged brown scales. (AC +1, +3% HP)


Message History

The centaur warrior wields a +0 longbow.
The centaur warrior shoots an arrow.
The arrow hits you!
* * * LOW HITPOINT WARNING * * *
The centaur moves out of view.
You hear a shout!
You see here an arrow.
You are too injured to fight recklessly!
Unknown command.
A centaur comes into view.
The centaur shouts!
You hear a shout!
The centaur pulls the alarm!
The alarm trap emits a blaring wail!
A sentinel's mark forms upon you.
The centaur warrior shoots an arrow.
The arrow hits you!!
* * * LOW HITPOINT WARNING * * *
The centaur wields a +0 shortbow.
The centaur shoots an arrow.
The arrow hits you but does no damage.
The centaur wields a +0 shortbow.
The centaur shoots an arrow.
The arrow hits you!
You die...
Your body glows with a rainbow of weird colours and disappears.

##...### ##.....#####
####..........# .............## #
.............## #######.
..............## ###.......
.............^.### ###.........
.................#####..[........
..............((@.....c..........
..............).[.[..c...).......
................[(..)...........#
.................#)....c(.......#
................##.....<.......##
................##.............#
...............####............#
...............# #...........##
..........###### #.....(.)...#


You could see a centaur warrior and 2 centaurs.

Vanquished Creatures
  Saint Roka (Orc:2)
  A tengu reaver (Depths:1)
  11 nagarajas
  4 stone giants (Depths:1)
  2 spark wasps (Depths:1)
  Snorg (D:12)
  Josephine (Lair:5)
  2 ettins
  The ghost of Vykacul the Fighter, a journeyman DrSk of Okawaru (D:13)
  3 fire dragons
  2 ice dragons (Depths:1)
  6 hydras
  A yaktaur captain (Depths:1)
  11 naga warriors
  A rakshasa (Depths:1)
  14 anacondas
  3 centaur warriors
  13 two-headed ogres
  4 death yaks (Lair:6)
  3 deep troll shamans
  An ogre mage (Depths:1)
  A catoblepas (Lair:6)
  A tengu warrior (Depths:1)
  Urug (D:12)
  11 naga sharpshooters
  A deep troll earth mage (Depths:1)
  12 shock serpents
  2 fire crabs
  Sonja (D:11)
  A soul eater (Depths:1)
  5 salamander mystics
  A death drake (Snake:4)
  A wizard (D:15)
  2 deep trolls (Depths:1)
  An unseen horror (D:13)
  A flayed ghost (Depths:1)
  6 naga ritualists (Snake:4)
  8 mana vipers
  A harpy (D:8)
  5 orc knights
  2 deep elf magi (D:15)
  2 necromancers
  An orb spider (Snake:4)
  14 ugly things
  An orc sorcerer (Orc:2)
  6 salamanders
  A shining eye (shapeshifter) (D:13)
  4 cyclopes
  4 manticores
  34 black mambas
  14 elephants
  8 centaur zombies
  6 guardian serpents
  2 moths of wrath (Snake:4)
  20 naga magi
  16 spiny frogs
  Maurice (D:9)
  19 rime drakes
  9 komodo dragons
  8 centaur skeletons
  2 kobold demonologists (D:15)
  3 efreet
  8 yaktaurs (Depths:1)
  An ice devil (Depths:1)
  A tengu conjurer (D:15)
  3 hornets
  5 trolls
  11 blink frogs
  A troll (shapeshifter) (Snake:4)
  6 dream sheep (Lair:6)
  20 hippogriffs
  A blink frog (shapeshifter) (D:13)
  2 bog bodies (Lair:4)
  7 slime creatures
  2 meliai zombies
  Sigmund (D:3)
  A shadow (D:14)
  A spriggan (Snake:3)
  A centaur simulacrum (D:14)
  71 yaks
  8 wyverns
  A fire bat (Snake:4)
  6 wraiths
  A fire bat (shapeshifter) (Snake:4)
  A golden eye (Snake:4)
  3 steam dragons (Lair:5)
  7 basilisks
  3 hungry ghosts
  7 vampire mosquitoes
  A warg (shapeshifter) (Snake:3)
  A swamp worm (Snake:4)
  48 nagas
  A warg (Orc:1)
  2 acid dragons
  24 water moccasins
  2 hell hounds (Lair:6)
  A floating eye (Snake:3)
  13 porcupines
  5 ice beasts
  Duvessa (D:7)
  37 orc warriors
  6 sky beasts
  3 black bears (Lair:6)
  2 eyes of draining
  9 ogres
  2 boggarts (Snake:4)
  2 phantoms
  38 wolves
  15 crocodiles
  14 centaurs
  5 big kobolds
  12 bullfrogs
  A wyvern zombie (D:12)
  Dowan (D:7)
  A water moccasin zombie (D:8)
  A scorpion (D:7)
  44 killer bees
  4 wights (D:10)
  4 vampire bats (D:15)
  A bullfrog zombie (D:5)
  13 crimson imps
  2 quasits
  9 jellies
  A bullfrog skeleton (D:8)
  3 hounds
  10 orc priests
  2 iron imps (Depths:1)
  2 iguanas
  Ijyb (D:3)
  28 orc wizards
  4 hell rats (Lair:4)
  6 worker ants
  8 mummies (Ossuary)
  A howler monkey zombie (D:8)
  2 hound skeletons (D:5)
  A worker ant zombie (D:9)
  Robin (D:2)
  19 adders
  4 gnolls
  A howler monkey skeleton (D:6)
  5 shadow imps
  A white imp (Depths:1)
  An adder zombie (D:9)
  2 adder skeletons
  5 worms
  A ball lightning (Orc:2)
  3 dart slugs
  6 leopard geckos
  63 orcs
  7 ball pythons
  13 bats
  4 giant cockroaches
  11 goblins
  13 hobgoblins
  17 jackals
  4 quokkas
  9 frilled lizards
  2 gnoll zombies (Ossuary)
  A goblin zombie (D:7)
  4 hobgoblin zombies (Ossuary)
  18 kobolds
  2 kobold zombies (Ossuary)
  2 leopard gecko zombies
  A quokka skeleton (D:7)
  6 rats
  A rat zombie (D:7)
  A fungus (Lair:3)
  2 plants (Lair:3)
1129 creatures vanquished.

Vanquished Creatures (collateral kills)
  A stone giant (Depths:1)
  A naga warrior (Snake:2)
  Erica (D:9)
  An anaconda (Snake:2)
  A two-headed ogre (D:13)
  A death yak (Snake:4)
  4 naga sharpshooters
  The ghost of Scuka the Cleaver, a novice DsGl of Qazlal (D:7)
  A sixfirhy (Depths:1)
  A manticore (Lair:6)
  A salamander (Snake:1)
  2 black mambas
  2 naga magi (Snake:1)
  An orange demon (Depths:1)
  A komodo dragon (Lair:3)
  A yaktaur (Depths:1)
  Prince Ribbit (D:5)
  A hippogriff (Lair:6)
  2 yaks
  Eustachio (D:5)
  Menkaure (D:4)
  Edmund (D:5)
  7 nagas
  A phantom (D:5)
  A sky beast (D:6)
  2 ogres
  A wolf (Lair:3)
  A big kobold (D:10)
  2 killer bees (Lair:3)
  A hound (D:7)
  An iguana (D:6)
  2 worker ants
  An orc (D:6)
  A giant cockroach (D:7)
  7 kobolds (D:10)
  A quokka (D:7)
  2 plants
59 creatures vanquished.

Vanquished Creatures (others)
  Vashnia (Snake:3)
  Nessos (Orc:2)
  Fannar (D:10)
  A tengu warrior (Depths:1)
  2 death yaks (Lair:6)
  3 naga sharpshooters
  A cyclops (D:14)
  An elephant (Lair:6)
  A black mamba (Snake:4)
  A naga mage (Snake:4)
  2 rime drakes (Lair:5)
  2 yaktaurs (Depths:1)
  A red devil (Depths:1)
  A troll (Orc:2)
  A blink frog (D:8)
  2 yaks
  2 steam dragons (Lair:5)
  A naga (Snake:4)
  A water moccasin (Lair:6)
  4 orc warriors (Orc:2)
  4 centaurs
  5 killer bees (Lair:3)
  A crimson imp (Depths:1)
  A white imp (Depths:1)
  4 ball lightnings
  3 orcs
  20 fungi
  19 plants
87 creatures vanquished.

Grand Total: 1275 creatures vanquished

Notes
Turn   | Place    | Note
-------+----------+-------------------------------------------
     0 | D:1      | vishdafish the Naga Fighter began the quest for the Orb.
     0 | D:1      | Reached XP level 1. HP: 21/21 MP: 1/1
   386 | D:1      | Reached XP level 2. HP: 10/28 MP: 2/2
  1381 | D:2      | Noticed Robin
  1384 | D:2      | Reached XP level 3. HP: 31/34 MP: 3/3
  1393 | D:2      | Killed Robin
  1919 | D:2      | Reached XP level 4. HP: 29/42 MP: 4/4
  2884 | D:3      | Found a faded altar of an unknown god.
  2932 | D:3      | Noticed Sigmund
  2947 | D:3      | Killed Sigmund
  2947 | D:3      | Reached XP level 5. HP: 40/50 MP: 5/5
  2947 | D:3      | Reached XP level 6. HP: 45/57 MP: 6/6
  3133 | D:3      | Noticed Ijyb
  3150 | D:3      | Killed Ijyb
  3348 | D:3      | Reached XP level 7. HP: 57/66 MP: 7/7
  3743 | D:4      | Found a staircase to the Ecumenical Temple.
  3763 | Temple   | Entered the Ecumenical Temple
  3828 | Temple   | Became a worshipper of Nemelex Xobeh the Trickster
  3979 | D:4      | Received a gift from Nemelex Xobeh
  4029 | D:4      | Noticed Menkaure
  4038 | D:4      | Reached skill level 1 in Invocations
  4039 | D:4      | Identified the +0 hand axe of the Eternal Warrior {flame,
                  | +Rage rPois rN++ Dex-2}
  4044 | D:4      | Killed Menkaure
  4488 | D:4      | Reached skill level 2 in Invocations
  4721 | D:5      | Entered Level 5 of the Dungeon
  4739 | D:5      | Reached skill level 5 in Fighting
  4781 | D:5      | Noticed Edmund
  4798 | D:5      | Reached XP level 8. HP: 17/74 MP: 8/10
  4813 | D:5      | Killed Edmund
  4813 | D:5      | Reached skill level 3 in Invocations
  5023 | D:5      | Noticed Eustachio
  5097 | D:5      | Noticed Prince Ribbit
  5118 | D:5      | Killed Eustachio
  5125 | D:5      | Killed Prince Ribbit
  5553 | D:5      | Received a gift from Nemelex Xobeh
  5554 | D:5      | Reached * piety under Nemelex Xobeh
  5572 | D:5      | Reached skill level 4 in Invocations
  6140 | D:5      | Reached skill level 5 in Long Blades
  6892 | D:6      | Reached skill level 5 in Invocations
  6892 | D:6      | Reached XP level 9. HP: 25/82 MP: 12/12
  6984 | D:6      | Reached skill level 5 in Armour
  6984 | D:6      | Reached skill level 5 in Shields
  7560 | D:7      | Received a gift from Nemelex Xobeh
  7720 | D:7      | Noticed a hornet
  7727 | D:7      | Reached skill level 6 in Invocations
  7734 | D:7      | Killed a hornet
  7790 | D:7      | Noticed Duvessa
  7815 | D:7      | Reached ** piety under Nemelex Xobeh
  7823 | D:7      | Found a sand-covered staircase.
  7831 | Ossuary  | Entered an ossuary
  8396 | D:7      | Received a gift from Nemelex Xobeh
  8507 | D:7      | Noticed Scuka's ghost (novice DsGl)
  8528 | D:7      | Found a transporter.
  8554 | D:7      | Found a transporter.
  8573 | D:7      | Reached skill level 7 in Invocations
  8594 | D:7      | Found a shadowy altar of Dithmenos.
  8595 | D:7      | Noticed Dowan
  8602 | D:7      | Killed Duvessa
  8608 | D:7      | Killed Dowan
  8617 | D:7      | Received a gift from Nemelex Xobeh
  8625 | D:7      | Found a stormy altar of Qazlal.
  9051 | D:7      | Reached XP level 10. HP: 91/92 MP: 15/15
  9052 | D:7      | Killed Scuka's ghost
  9582 | D:8      | Reached skill level 8 in Invocations
  9679 | D:8      | Noticed a harpy
  9679 | D:8      | a yak changed into a harpy
  9681 | D:8      | Killed a harpy
 10096 | D:8      | Reached *** piety under Nemelex Xobeh
 10201 | D:8      | Reached skill level 9 in Invocations
 10202 | D:8      | Received a gift from Nemelex Xobeh
 10801 | D:9      | Noticed Maurice
 10803 | D:9      | Noticed Erica
 10808 | D:9      | Killed Maurice
 10808 | D:9      | Reached XP level 11. HP: 102/102 MP: 17/17
 10812 | D:9      | Killed Erica
 11296 | D:9      | Received a gift from Nemelex Xobeh
 11348 | D:9      | Reached **** piety under Nemelex Xobeh
 11599 | D:10     | Entered Level 10 of the Dungeon
 11621 | D:10     | Found a staircase to the Lair.
 11621 | D:10     | Noticed a two-headed ogre
 11647 | D:10     | Killed a two-headed ogre
 11664 | D:10     | Reached skill level 10 in Invocations
 11790 | D:10     | Found Teden's Book Shop.
 11860 | D:10     | Found a flagged portal.
 11867 | Bailey   | Entered a bailey
 12260 | Bailey   | Identified the +7 fire dragon scales of Hiysoyty {rF++ rC-
                  | rN+ Str+7}
 12382 | Bailey   | Noticed an orc knight
 12397 | Bailey   | Killed an orc knight
 13408 | D:10     | Noticed Fannar
 13421 | D:10     | Killed Fannar
 13760 | D:10     | Received a gift from Nemelex Xobeh
 14033 | D:11     | Noticed Sonja
 14062 | D:11     | Killed Sonja
 14304 | D:11     | Found a white marble altar of Elyvilon.
 14382 | D:11     | Noticed an eight-headed hydra
 14394 | D:11     | Killed a one-headed hydra
 14627 | D:11     | Reached XP level 12. HP: 84/112 MP: 20/20
 14628 | D:11     | Reached skill level 11 in Invocations
 14888 | D:11     | Found a staircase to the Orcish Mines.
 14889 | D:11     | Received a gift from Nemelex Xobeh
 15086 | D:11     | Found Ketutsod's Book Boutique.
 15215 | D:12     | Noticed Snorg
 15236 | D:12     | Killed Snorg
 15616 | D:12     | Noticed Urug
 15630 | D:12     | Killed Urug
 16254 | D:12     | Received a gift from Nemelex Xobeh
 16410 | D:12     | Reached ***** piety under Nemelex Xobeh
 16896 | Lair:1   | Entered Level 1 of the Lair of Beasts
 17036 | Lair:1   | Noticed an eight-headed hydra
 17047 | Lair:1   | Killed a three-headed hydra
 17047 | Lair:1   | Reached skill level 12 in Invocations
 17513 | Lair:1   | Received a gift from Nemelex Xobeh
 18074 | Lair:2   | Gained mutation: You can use your snake-like lower body to
                  | constrict enemies. [Naga growth]
 18074 | Lair:2   | Reached XP level 13. HP: 104/121 MP: 22/22
 18742 | Lair:3   | Received a gift from Nemelex Xobeh
 18878 | Lair:3   | Reached skill level 13 in Invocations
 18885 | Lair:3   | Reached skill level 10 in Fighting
 18908 | Lair:3   | Reached skill level 10 in Long Blades
 19407 | Lair:3   | Received a gift from Nemelex Xobeh
 19511 | Lair:3   | Received a gift from Nemelex Xobeh
 19930 | Lair:4   | Received a gift from Nemelex Xobeh
 20062 | Lair:4   | Found a staircase to the Snake Pit.
 20199 | Lair:4   | Found a staircase to the Swamp.
 20616 | Lair:4   | Received a gift from Nemelex Xobeh
 20958 | Lair:5   | Reached XP level 14. HP: 124/133 MP: 24/24
 20973 | Lair:5   | Reached skill level 14 in Invocations
 21289 | Lair:5   | Reached ****** piety under Nemelex Xobeh
 21406 | Lair:5   | Noticed Josephine
 21410 | Lair:5   | Killed Josephine
 22156 | Lair:5   | Received a gift from Nemelex Xobeh
 22747 | Lair:6   | Entered Level 6 of the Lair of Beasts
 22905 | Lair:6   | Reached skill level 15 in Invocations
 23499 | Lair:6   | Reached XP level 15. HP: 72/142 MP: 26/26
 23935 | Lair:6   | Found a staircase to the Slime Pits.
 23936 | Lair:6   | Found a viscous altar of Jiyva.
 24185 | Lair:6   | Found the +3 robe of Clouds {+Thunder rCloud rElec}
 24287 | Lair:6   | Received a gift from Nemelex Xobeh
 24475 | Lair:6   | Identified 3 scrolls of acquirement
 24656 | Lair:6   | Reached skill level 10 in Armour
 24656 | Lair:6   | Reached skill level 10 in Shields
 24846 | Lair:6   | Identified the amulet "Uduazuss" {RegenMP Int+4} (You
                  | acquired it on level 6 of the Lair of Beasts)
 24851 | Lair:6   | Identified the ring "Netisoiq" {rF+ Int+5} (You acquired it
                  | on level 6 of the Lair of Beasts)
 24851 | Lair:6   | Identified the +7 double sword of the Gloaming {freeze,
                  | *Noise rPois rC+} (You acquired it on level 6 of the Lair
                  | of Beasts)
 25072 | Orc:1    | Entered Level 1 of the Orcish Mines
 25123 | Orc:1    | Received a gift from Nemelex Xobeh
 25128 | Orc:1    | You fall into a shaft and drop 1 floor!
 25128 | Orc:2    | Entered Level 2 of the Orcish Mines
 25129 | Orc:2    | Noticed Saint Roka
 25148 | Orc:2    | Killed Saint Roka
 25148 | Orc:2    | Reached skill level 16 in Invocations
 25272 | Orc:2    | Noticed Nessos
 25278 | Orc:2    | Killed Nessos
 25420 | Orc:2    | Found Qehid's Distillery.
 25420 | Orc:2    | Found Kiffaxt's Book Shoppe.
 25422 | Orc:2    | Found Bagiamep's Assorted Antiques.
 25424 | Orc:2    | Found Cubrom's Antique Armour Shop.
 25428 | Orc:2    | Bought a potion of haste for 140 gold pieces
 25428 | Orc:2    | Bought a potion of heal wounds for 70 gold pieces
 25428 | Orc:2    | Bought a potion of might for 56 gold pieces
 25428 | Orc:2    | Bought 2 potions of resistance for 280 gold pieces
 25428 | Orc:2    | Bought a potion of might for 56 gold pieces
 25428 | Orc:2    | Bought a potion of curing for 42 gold pieces
 25428 | Orc:2    | Bought a potion of haste for 140 gold pieces
 25431 | Orc:2    | Bought 2 scrolls labeled SOILYD YNGEA for 70 gold pieces
 25431 | Orc:2    | Bought a scroll of identify for 70 gold pieces
 25437 | Orc:2    | Bought a faintly humming cloak for 285 gold pieces
 25447 | Orc:2    | Identified the +0 cloak "Akhufon" {rC+ Int+4} (You bought
                  | it in a shop on level 2 of the Orcish Mines)
 25457 | Orc:2    | Found a staircase to the Elven Halls.
 26211 | Orc:1    | Received a gift from Nemelex Xobeh
 26641 | D:13     | Gained mutation: You tend to lose your temper in combat. [a
                  | shining eye]
 26642 | D:13     | Gained mutation: Your spells are a little easier to cast,
                  | but a little less powerful. [a shining eye]
 27304 | D:13     | Found a transporter.
 27306 | D:13     | Noticed Vykacul's ghost (journeyman DrSk)
 27307 | D:13     | Found a transporter.
 27307 | D:13     | Identified the +8 great mace of Inference {flame, rElec
                  | Str+4 Int+3}
 27323 | D:13     | Reached skill level 17 in Invocations
 27325 | D:13     | Reached XP level 16. HP: 146/152 MP: 28/28
 27351 | D:13     | Killed Vykacul's ghost
 27462 | D:14     | Received a gift from Nemelex Xobeh
 27847 | D:14     | Found a gate to the Vaults.
 28265 | D:15     | Entered Level 15 of the Dungeon
 28456 | D:15     | Received a gift from Nemelex Xobeh
 28939 | D:15     | Reached skill level 18 in Invocations
 29250 | D:15     | Received a gift from Nemelex Xobeh
 29253 | D:15     | Found a staircase to the Depths.
 29614 | Snake:1  | Entered Level 1 of the Snake Pit
 30112 | Snake:1  | Received a gift from Nemelex Xobeh
 30982 | Snake:1  | Received a gift from Nemelex Xobeh
 31483 | Snake:2  | Reached skill level 19 in Invocations
 31485 | Snake:2  | Received a gift from Nemelex Xobeh
 31498 | Snake:2  | Reached XP level 17. HP: 30/162 MP: 30/30
 32053 | Snake:2  | Lost mutation: Your spells are a little easier to cast, but
                  | a little less powerful. [potion of mutation]
 32053 | Snake:2  | Lost mutation: You tend to lose your temper in combat.
                  | [potion of mutation]
 32053 | Snake:2  | Gained mutation: You have a pair of small horns on your
                  | head. [potion of mutation]
 32053 | Snake:2  | Gained mutation: You are partially covered in rugged brown
                  | scales. (AC +1, +3% HP) [potion of mutation]
 32870 | Snake:3  | Received a gift from Nemelex Xobeh
 34721 | Snake:3  | Noticed Vashnia
 34730 | Snake:3  | Reached skill level 20 in Invocations
 34746 | Snake:3  | Killed Vashnia
 35120 | Snake:4  | Entered Level 4 of the Snake Pit
 35196 | Snake:4  | Paralysed by a hornet for 3 turns
 35233 | Snake:4  | Received a gift from Nemelex Xobeh
 37001 | Snake:4  | Reached XP level 18. HP: 136/177 MP: 32/32
 39099 | Snake:4  | Reached skill level 21 in Invocations
 39747 | Snake:4  | Got a serpentine rune of Zot
 40359 | Depths:1 | Entered Level 1 of the Depths
 40359 | Depths:1 | Received a gift from Nemelex Xobeh
 41497 | Depths:1 | Reached XP level 19. HP: 113/187 MP: 33/33
 41790 | Depths:1 | Received a gift from Nemelex Xobeh
 41884 | Depths:1 | HP: 4/188 [stone giant/large rock (29)]
 41991 | Depths:1 | HP: 7/188 [centaur warrior/arrow (20)]
 41991 | Depths:1 | Shot with an arrow by a centaur

Levels and vault maps discovered:
D:1:      noname_arrival_rooms_in_the_neighbourhood, layout_loops_ring
D:2:      layout_loops_corners, chequers_avenue, uniq_robin
D:3:      cheibrodos_thug_alley, layout_rooms, chequers_ecumenical_altar_grove,
          grunt_ministairs_9, minmay_misc_feat_alley, uniq_ijyb, uniq_sigmund
D:4:      layout_loops_cross, minmay_temple_entry_arrows, minivault_25,
          feat_on_display, uniq_menkaure
D:5:      layout_rooms, first_ration, uniq_eustachio, uniq_prince_ribbit1,
          uniq_edmund
D:6:      layout_loops_ring, minmay_misc_feat_room, nzn_random_ring
D:7:      layout_layer_cave, nicolae_qazlal_general_emergency, basic_altar,
          gammafunk_ghost_arena, enter_ossuary_4, uniq_duvessa
D:8:      layout_loops_ring, grunt_livestock, hangedman_decor_slide_cut,
          kennysheep_small_circle
D:9:      minmay_flawed_box, layout_irregular_city, uniq_erica, uniq_maurice
D:10:     layout_basic, david_lair_generic, serial_shops,
          nicolae_shop_window_shopping, enter_bailey_2, uniq_fannar
D:11:     layout_long_grid, orc_0_dummy, basic_altar, serial_shops,
          kennysheep_mini_moat, uniq_sonja
D:12:     layout_grid_maze, uniq_urug, uniq_snorg
D:13:     layout_roguey, gammafunk_ghost_smash
D:14:     layout_roguey, david_vaults_1, chequers_serial_rivers_large_a
D:15:     grunt_enter_depths_magical_seal, layout_gridville, hex_medium,
          roderic_batcave, minmay_fractal_squares_5
Temple:   nicolae_temple_the_god_donut
Lair:1:   layout_hall_layers, beast_lair_carwin_10, serial_bayou_shore_b,
          serial_bayou_shore_b
Lair:2:   layout_roguey
Lair:3:   wad_woods_minihive, layout_gridlike
Lair:4:   layout_regular_city, skrybe_swamp_entry_bodies,
          minmay_snake_entry_six_corridors, minmay_stone_trees_small
Lair:5:   layout_roguey, st_stairs_3, wad_woods_road_02,
          bobbens_dragon_lair_wall, grunt_megastairs_2, uniq_josephine
Lair:6:   grunt_lair_end_beastmaster, layout_hall_layers, slime_altar_1,
          special_room [special_room_mythical_zoo], st_stairs_4,
          grunt_megastairs_1
Snake:1:  layout_basic
Snake:2:  layout_concentric_octagons
Snake:3:  layout_layer_cave, abandoned_shop, uniq_vashnia
Snake:4:  johnstein_snake_rune_scales, layout_cave_town, grunt_megastairs_3
Orc:1:    layout_diamond_mine, nicolae_orc_lava_room
Orc:2:    st_orc_rangers, layout_caves, nicolae_orc_rockfall, uniq_saint_roka,
          uniq_nessos
Depths:1: layout_cave_shapes, grunt_hell_entry_demonic_statue,
          grunt_pan_entry_sceptre, kennysheep_two_boxes

Skill      XL: |  1  2  3  4  5  6  7  8  9 10 11 12 13 14 15 16 17 18 |
---------------+-------------------------------------------------------+-----
Armour         | 3 4 5 6 7 8 9 10 11 12 | 12.3
Shields        | 3 4 5 6 7 8 9 10 11 12 | 12.3
Fighting       | 4 5 6 7 8 9 10 11 12 13 14 | 14.3
Long Blades    | 3 4 5 6 7 8 9 10 11 12 13 14 | 14.1
Invocations    | 2 5 7 9 10 12 13 15 17 19 20 21 | 21.5

Action                   |  1- 3 |  4- 6 |  7- 9 | 10-12 | 13-15 | 16-18 | 19-21 || total
-------------------------+-------+-------+-------+-------+-------+-------+-------++-------
Melee: Long sword        |   147 |   215 |   602 |   319 |       |       |       ||  1283
       Unarmed           |       |     8 |       |       |       |       |       ||     8
       Scimitar          |       |       |       |   466 |   726 |       |       ||  1192
       Constrict         |       |       |       |       |   185 |   194 |    10 ||   389
       Double sword      |       |       |       |       |   200 |   855 |    61 ||  1116
       Headbutt          |       |       |       |       |       |   150 |    21 ||   171
Invok: Draw Destruction  |       |       |    17 |    29 |    33 |    40 |     2 ||   121
       Draw Summoning    |       |       |     6 |     2 |     2 |     6 |     1 ||    17
       Draw Escape       |       |       |       |       |       |     3 |     3 ||     6
       Deal Four         |       |       |       |       |       |     2 |       ||     2
 Abil: Spit Poison       |       |       |       |     1 |       |       |       ||     1
Evoke: Wand              |       |       |       |    17 |     6 |    16 |       ||    39
  Use: Potion            |     1 |       |       |     2 |     2 |     5 |     5 ||    15
       Scroll            |       |       |    13 |     6 |    13 |     7 |       ||    39
 Stab: Paralysed         |       |       |       |     1 |       |       |       ||     1
       Petrified         |       |       |       |       |     7 |       |       ||     7
       Distracted        |       |       |       |       |       |     2 |     1 ||     3
       Confused          |       |       |       |       |       |     1 |       ||     1
       Petrifying        |       |       |       |       |       |     1 |       ||     1
  Eat: Chunk             |     2 |     4 |     9 |    18 |    11 |     9 |     1 ||    54
       Ration            |       |       |     2 |     3 |     4 |     8 |       ||    17
Armor: Scale mail        |    75 |    67 |   277 |   248 |       |       |       ||   667
       Chain mail        |       |    91 |    84 |       |       |       |       ||   175
       Skin              |       |     2 |       |       |       |       |       ||     2
       Fire dragon scale |       |       |       |   318 |   527 |   566 |    47 ||  1458
Dodge: Dodged            |    34 |    54 |   145 |   230 |   246 |   193 |    10 ||   912
Block: Kite shield       |    67 |   141 |   341 |   597 |   640 |   651 |    66 ||  2503
       Reflection        |       |       |       |     9 |    42 |    83 |    17 ||   151
       Rpst.: Long sword |    11 |    14 |    49 |    20 |       |       |       ||    94
       Scimitar          |       |       |       |    28 |    49 |       |       ||    77
       Double sword      |       |       |       |       |     8 |    35 |     3 ||    46

Table legend:
 A = Non-vault XP
 B = Vault XP
 C = Vault XP percentage of total XP
 D = Non-vault monster count
 E = Vault monster count
 F = Vault count percentage of total count
                 A         B        C        D         E       F
            +---------+---------+-------+---------+---------+-------
      Total |  207601 |  124975 |  37.6 |     767 |     460 |  37.5
            +---------+---------+-------+---------+---------+-------
        D:1 |      30 |       0 |   0.0 |      18 |       0 |   0.0
        D:2 |      58 |      32 |  35.6 |      24 |      10 |  29.4
        D:3 |     120 |     474 |  79.8 |      26 |      14 |  35.0
        D:4 |     159 |     144 |  47.5 |      10 |       1 |   9.1
        D:5 |     583 |     388 |  40.0 |      11 |       3 |  21.4
        D:6 |      93 |     693 |  88.2 |       8 |      14 |  63.6
        D:7 |    1491 |     768 |  34.0 |      20 |      10 |  33.3
        D:8 |    1840 |    1493 |  44.8 |      34 |       7 |  17.1
        D:9 |     520 |    1410 |  73.1 |      14 |      11 |  44.0
       D:10 |    1710 |    1554 |  47.6 |      20 |       5 |  20.0
       D:11 |    4705 |     451 |   8.7 |      36 |       1 |   2.7
       D:12 |    1913 |    2047 |  51.7 |      10 |       2 |  16.7
       D:13 |    9212 |    4317 |  31.9 |      40 |       7 |  14.9
       D:14 |    5346 |    1701 |  24.1 |      27 |       4 |  12.9
       D:15 |   10054 |    6826 |  40.4 |      39 |      24 |  38.1
     Lair:1 |    3367 |    1700 |  33.6 |      17 |       8 |  32.0
     Lair:2 |    6587 |       0 |   0.0 |      29 |       0 |   0.0
     Lair:3 |    9009 |    2787 |  23.6 |      46 |      46 |  50.0
     Lair:4 |    3866 |    2072 |  34.9 |      17 |      18 |  51.4
     Lair:5 |    8228 |   11480 |  58.3 |      36 |      38 |  51.4
     Lair:6 |   11869 |   20162 |  62.9 |      41 |      55 |  57.3
    Snake:1 |   16263 |       0 |   0.0 |      31 |       0 |   0.0
    Snake:2 |   16612 |       0 |   0.0 |      31 |       0 |   0.0
    Snake:3 |   20671 |    7548 |  26.7 |      35 |       7 |  16.7
    Snake:4 |   34336 |   37212 |  52.0 |      69 |      66 |  48.9
      Orc:1 |     753 |       0 |   0.0 |      14 |       0 |   0.0
      Orc:2 |    1775 |   10296 |  85.3 |      14 |      50 |  78.1
   Depths:1 |   36431 |    7521 |  17.1 |      50 |      24 |  32.4
    Ossuary |       0 |     150 | 100.0 |       0 |      16 | 100.0
     Bailey |       0 |    1749 | 100.0 |       0 |      19 | 100.0
            +---------+---------+-------+---------+---------+-------
